 Seeded DCSS version 0.30-a0-373-gd37427bb62 (console) character file.

Game seed: 14118730869767860979 (custom seed)

235 mmoncure the Ruffian (level 5, -2/49 HPs)
             Began as a Troll Transmuter on Nov 23, 2022.
             Slain by an orc
             ... wielding a +0 flail
              (5 damage)
             ... on level 4 of the Dungeon.
             The game lasted 00:05:00 (3058 turns).

mmoncure the Ruffian (Troll Transmuter)             Turns: 3058, Time: 00:05:01

Health: -2/49      AC:  5    Str: 18    XL:     5   Next: 76%
Magic:  6/6        EV: 10    Int: 11    God:
Gold:   215        SH:  0    Dex: 10    Spells: 4/7 levels left

rFire   . . .      SeeInvis .      - Unarmed
rCold   . . .      Faith    .    (no shield)
rNeg    + . .      Spirit   .    s - +1 robe of Dyecaluza {+Inv rN+}
rPois   .          Reflect  .    (helmet restricted)
rElec   .          Harm     .    (no cloak)
rCorr   .          Rampage  .    (gloves unavailable)
Will    .....                    (boots unavailable)
Stlth   +.........               (no amulet)
HPRegen 1.08/turn                i - ring of flight
MPRegen 0.10/turn                (no ring)

@: flying
A: large, unfitting armour, claws 3, regeneration 1, shaggy fur 1, tough skin 1
a: Evoke Invisibility


You were on level 4 of the Dungeon.
You visited 1 branch of the dungeon, and saw 4 of its levels.

You collected 215 gold pieces.

Inventory:

Armour
 a - a +0 robe
 s - the +1 robe of Dyecaluza (worn) {+Inv rN+}
   (You found it on level 3 of the Dungeon)

   rN:        It protects you from negative energy.
   +Inv:      It lets you turn invisible.
Jewellery
 i - a ring of flight (left claw)
Scrolls
 c - 3 scrolls of enchant weapon {unknown}
 d - 7 scrolls of identify
 e - 2 scrolls of enchant armour {unknown}
 f - 3 scrolls of vulnerability {unknown}
 g - 5 scrolls of teleportation {unknown}
 h - 3 scrolls of blinking {unknown}
 j - 2 scrolls of amnesia {unknown}
 k - a scroll of torment {unknown}
 m - a scroll of fog {unknown}
 p - a scroll of brand weapon {unknown}
 q - a scroll of silence {unknown}
Potions
 b - 2 potions of lignification
 l - a potion of invisibility
 n - a potion of attraction {unknown}
 o - 2 potions of curing {unknown}
 r - a potion of flight {unknown}


   Skills:
 + Level 1.7 Fighting
 + Level 2.3 Dodging
 * Level 4.2 Unarmed Combat
 + Level 1.8 Spellcasting
 * Level 2.6 Transmutations


You had 4 spell levels left.
You knew the following spells:

 Your Spells              Type           Power      Damage    Failure   Level
a - Beastly Appendage     Tmut           12%        N/A       10%         1
b - Wereblood             Tmut           6%         N/A       16%         2

Your spell library contained the following spells:

 Spells                   Type           Power      Damage    Failure   Level
 Sting                    Tmut/Pois      12%        1d3       17%         1
 Poisonous Vapours        Pois/Air       2%         N/A       41%         2
 Spider Form              Tmut/Pois      3%         N/A       45%         3
 Dazzling Flash           Conj/Hex       2%         N/A       65%         3
 Ice Form                 Ice/Tmut       3%         N/A       86%         4
 Iskenderun's Mystic Bla  Conj/Tloc      1%         2d3       96%         4
 Olgreb's Toxic Radiance  Pois           1%         N/A       96%         4
 Starburst                Conj/Fire      0%         6d3       100%        6


Dungeon Overview and Level Annotations

Branches:
Dungeon (4/15)             Temple (0/1) D:4

Altars:


Innate Abilities, Weirdness & Mutations

You are too large for most types of armour.
You have claws for hands.
Your natural rate of healing is unusually fast.
You are covered in fur. (AC +1)
You have tough skin. (AC +1)


Message History

The orc hits you but does no damage.
An orc comes into view. It is wielding a +0 flail.
You scratch the orc priest.
The orc priest is severely wounded.
The orc priest invokes the aid of Beogh against you.
Pain shoots through your body!
You claw the orc priest!
You kill the orc priest!
The orc hits you with a +0 flail!
You scratch the orc wizard but do no damage.
The orc hits you with a +0 flail. The orc wizard barely misses you.
You barely miss the orc wizard. The orc hits you with a +0 flail.
The orc wizard hits you with a +0 dagger.
You are too injured to fight recklessly!
You are too injured to fight recklessly!
You are too injured to fight recklessly!
You are too injured to fight recklessly!
You are too injured to fight recklessly!
You scratch the orc wizard.
The orc wizard is lightly wounded.
The orc hits you with a +0 flail. The orc wizard casts a spell at you.
The magic dart hits you!
* * * LOW HITPOINT WARNING * * *
You scratch the orc wizard. Your claw misses the orc wizard.
The orc wizard is moderately wounded.
The orc misses you. The orc hits you with a +0 flail!
* * * LOW HITPOINT WARNING * * *
The orc wizard closely misses you.
You miss the orc wizard.
The orc wizard is moderately wounded.
The orc hits you with a +0 flail.
* * * LOW HITPOINT WARNING * * *
The orc hits you but does no damage.
The orc wizard gestures at you while chanting.
You resist with some effort.
Okay, then.
The orc attacks as you move away! The orc closely misses you.
The orc hits you with a +0 flail.
You die...

#. #. ..## #..#. #...
###### #..#.##..#
....### .........## #
##..... ........
##.###...### #.....
#....)...... #..o#
#..#...#.#.# #.oo#
#..#.<.#.#.# #..@#
#........... #...#
#.##...#.##. #...#
#.##...#....
#####...#####.........#.
...................##.#.
..........#........)....
.....................#.#
#####...##########.#.#.#
#...# #.#....


You could see an orc wizard and 2 orcs.

Vanquished Creatures
  An orc priest (D:4)
  A hound (D:3)
  Jessica (D:2)
  7 gnolls
  An adder (D:2)
  A worm (D:3)
  4 dart slugs
  An orc (D:3)
  3 ball pythons
  4 bats
  2 endoplasms
  6 giant cockroaches
  7 goblins
  4 hobgoblins
  8 jackals (D:3)
  2 quokkas (D:2)
  4 frilled lizards
  5 kobolds
  4 rats
66 creatures vanquished.

Notes
Turn   | Place    | Note
-------+----------+-------------------------------------------
     0 | D:1      | mmoncure the Troll Transmuter began the quest for the Orb.
     0 | D:1      | Reached XP level 1. HP: 18/18 MP: 1/1
   524 | D:1      | Reached XP level 2. HP: 26/26 MP: 2/2
   822 | D:1      | Reached skill level 1 in Fighting
  1351 | D:2      | Noticed Jessica
  1358 | D:2      | Killed Jessica
  1359 | D:2      | Reached XP level 3. HP: 30/33 MP: 2/4
  1366 | D:2      | Learned a level 2 spell: Wereblood
  1557 | D:2      | Reached XP level 4. HP: 34/41 MP: 1/5
  2129 | D:3      | Reached XP level 5. HP: 39/48 MP: 2/6
  2137 | D:3      | Reached skill level 4 in Unarmed Combat
  2743 | D:3      | Identified the +1 robe of Dyecaluza {+Inv rN+}
  3017 | D:4      | Found a staircase to the Ecumenical Temple.
  3057 | D:4      | HP: 2/49 [orc/+0 flail (6)]
  3058 | D:4      | Slain by an orc

Illustrated notes

Levels and vault maps discovered:
D:1:      elethiomel_arrival_infinity_welcomes_careful_drivers, layout_basic,
          nicolae_kite_square_tiling_tiny, minmay_misc_feat_more_columns,
          kennysheep_decorative_pillar
D:2:      layout_loops_cross, uniq_jessica
D:3:      layout_loops_corners, st_stairs_7, minmay_fractal_squares_5
D:4:      layout_loops_cross, overflow_temple_1_default,
          minmay_temple_entry_ruins, uniq_sigmund

Skill      XL: |  1  2  3  4  5 |
---------------+----------------+-----
Fighting       | 1 |  1.7
Transmutations | 2 |  2.6
Dodging        | 2 |  2.3
Unarmed Combat | 4 |  4.2
Spellcasting   | |  1.8

Action                   |  1- 3 |  4- 6 || total
-------------------------+-------+-------++-------
Melee: Unarmed           |    56 |   112 ||   168
       Headbutt          |       |     5 ||     5
       Kick              |       |     4 ||     4
       Punch             |       |     2 ||     2
 Cast: Beastly Appendage |     3 |     4 ||     7
       Wereblood         |     1 |     2 ||     3
  Use: Scroll            |       |     2 ||     2
 Stab: Sleeping          |     3 |     3 ||     6
Armor: Robe              |    11 |    29 ||    40
Dodge: Dodged            |    23 |    52 ||    75

Table legend: (Time is in decaauts)
 A = Elapsed time spent in this place.
 B = Non-inter-level travel time spent in this place.
 C = Inter-level travel time spent in this place.
 D = Time resting spent in this place.
 E = Time spent auto-exploring this place.
 F = Levels seen in this place.
 G = Mean time per level.
                   A        B        C        D        E       F      G
               +--------+--------+--------+--------+--------+-----+--------+
         Total |   3044 |   2949 |     95 |    400 |   2132 |   4 |  761.0 |
       Dungeon |   3044 |   2949 |     95 |    400 |   2132 |   4 |  761.0 |
               +--------+--------+--------+--------+--------+-----+--------+

Top non-repeatable levels by time:
     D:1: 1255 daAuts
     D:3: 1018 daAuts
     D:2: 706 daAuts
     D:4: 63 daAuts
